AoeStats
← PrawnUnit4591

Black Forest

503884407Analyzed
3v3 RM · 28d ago on Sep 2, 2026· 82m 37s· 6 players
Game mode
Random Map
Map size
Normal (6 player)
Population
200
Speed
Normal
Resources
Standard
Victory
Conquest
Starting age
Dark Age
Ending age
Imperial Age
RankedLock teamsTeams togetherTeam positionsShared explorationLock speedFull tech treeHidden civsTurbo modeCheats
Victory
Defeat
🇹🇷 Hindustanis · Türkiye
800
+18
🇿🇦 Turks · South Africa
799
+18
🇵🇱 Teutons · Poland
719
+21
🇵🇹 Persians · Portugal
842
-19
🇫🇷 Byzantines · France
835
-19
🇦🇷 Saracens · Argentina
827
-19
SaiyajiN
1:24 Loom
15:46 Feudal Age
16:16 Horse Collar
16:22 Double-Bit Axe
16:29 Gold Mining
16:30 Stone Mining
26:55 Castle Age
25:29 Fletching
25:40 Padded Archer Armor
25:53 Forging
25:49 Scale Mail Armor
27:54 Wheelbarrow
27:38 Scale Barding Armor
28:15 Heavy Plow
28:25 Bow Saw
28:34 Leather Archer Armor
28:58 Iron Casting
29:34 Caravan
30:58 Stone Shaft Mining
32:09 Hand Cart
33:19 Coinage
34:42 Leather Archer Armor
34:23 Bodkin Arrow
35:34 Gold Shaft Mining
35:11 Husbandry
35:21 Bloodlines
35:16 Town Watch
35:57 Bloodlines
36:53 Town Patrol
37:23 Chain Mail Armor
37:29 Chain Barding Armor
41:41 Imperial Age
41:43 Ballistics
41:19 Murder Holes
42:41 Siege Elephant
44:12 Bloodlines
43:22 Heavy Camel Rider
45:07 Two-Man Saw
44:30 Conscription
43:31 Elite Ghulam
44:44 Ring Archer Armor
44:53 Bracer
45:54 Blast Furnace
45:30 Banking
45:57 Imperial Camel Rider
50:27 Shatagni
50:30 Grand Trunk Road
51:07 Hoardings
52:26 Chemistry
53:18 Blast Furnace
52:54 Plate Barding Armor
71:59 Onager
PrawnUnit4591
0:38 Loom
15:09 Feudal Age
15:36 Horse Collar
15:42 Double-Bit Axe
19:26 Castle Age
19:17 Wheelbarrow
18:45 Gold Mining
18:45 Stone Mining
18:55 Stone Mining
20:32 Heavy Plow
20:45 Bow Saw
21:36 Gold Shaft Mining
27:58 Hand Cart
34:58 Imperial Age
32:33 Padded Archer Armor
32:23 Fletching
34:21 Coinage
33:51 Caravan
37:06 Man-at-Arms
37:47 Squires
37:32 Arson
38:33 Cavalier
39:14 Husbandry
39:24 Bloodlines
38:35 Heavy Camel Rider
41:21 Banking
41:02 Guilds
40:50 Bodkin Arrow
41:10 Leather Archer Armor
41:05 Forging
40:55 Scale Mail Armor
41:02 Scale Barding Armor
40:21 Elite Janissary
41:21 Sipahi
41:01 Artillery
41:23 Conscription
42:42 Fortified Wall
42:53 Ballistics
42:53 Bombard Tower
42:24 Heated Shot
42:59 Crossbowman
42:59 Heavy Cavalry Archer
44:05 Parthian Tactics
43:46 Thumb Ring
43:47 Bracer
44:17 Ring Archer Armor
44:38 Artillery
46:49 Chain Barding Armor
47:05 Iron Casting
46:45 Chain Mail Armor
47:00 Ring Archer Armor
47:07 Ring Archer Armor
49:44 Bombard Tower
49:09 Arrowslits
49:20 Murder Holes
49:05 Treadmill Crane
49:36 Masonry
49:58 Plate Mail Armor
50:04 Plate Barding Armor
50:29 Blast Furnace
54:29 Redemption
54:30 Fervor
55:45 Sanctity
55:25 Devotion
56:01 Theocracy
55:28 Atonement
55:59 Heavy Scorpion
59:59 Sipahi
59:10 Sappers
60:16 Hoardings
59:56 Atonement
60:16 Faith
60:17 Heresy
70:51 Blast Furnace
70:25 Architecture
69:45 Guard Tower
72:51 Long Swordsman
74:42 Two-Man Saw
73:38 Capped Ram
74:52 Two-Handed Swordsman
77:03 Siege Ram
77:40 Town Watch
81:10 Spies/Treason
Edi
13:20 Feudal Age
16:12 Double-Bit Axe
20:27 Castle Age
23:52 Double-Bit Axe
24:17 Horse Collar
24:49 Squires
24:12 Pikeman
32:24 Imperial Age
34:45 Chemistry
34:48 Conscription
34:02 Halberdier
36:08 Crenellations
37:14 Wheelbarrow
38:59 Hand Cart
39:19 Elite Teutonic Knight
51:48 Elite Skirmisher
65:05 Forging
64:55 Scale Mail Armor
74:20 Fervor
74:43 Heresy
LeVieuxMachin
0:28 Loom
12:29 Feudal Age
17:25 Castle Age
15:39 Double-Bit Axe
16:57 Horse Collar
18:44 Bow Saw
26:21 Heavy Plow
30:21 Imperial Age
30:12 Pikeman
32:00 Wheelbarrow
32:22 Scale Mail Armor
32:33 Forging
32:31 Halberdier
35:32 Caravan
35:52 Onager
37:23 Hand Cart
38:37 Chain Mail Armor
41:04 Plate Mail Armor
emanuelvicente14
0:41 Loom
12:47 Feudal Age
17:19 Castle Age
16:43 Double-Bit Axe
16:52 Horse Collar
26:45 Wheelbarrow
27:00 Bow Saw
27:13 Heavy Plow
32:55 Imperial Age
30:42 Hand Cart
31:32 Gold Mining
31:35 Stone Mining
31:48 Elite Skirmisher
32:37 Thumb Ring
33:13 Gold Shaft Mining
36:16 Chemistry
35:27 Fortified Wall
36:12 Parthian Tactics
37:06 Two-Man Saw
36:59 Padded Archer Armor
37:00 Scale Mail Armor
37:10 Forging
37:06 Scale Barding Armor
38:16 Elite Mameluke
41:02 Conscription
41:07 Caravan
41:52 Capped Ram
43:33 Iron Casting
43:13 Chain Mail Armor
43:13 Leather Archer Armor
44:11 Siege Ram
49:05 Blast Furnace
47:56 Fletching
phonzY
0:33 Loom
14:21 Feudal Age
16:10 Double-Bit Axe
17:03 Stone Mining
17:07 Horse Collar
18:13 Wheelbarrow
17:24 Town Watch
20:02 Gold Mining
22:48 Castle Age
21:31 Bloodlines
21:38 Scale Barding Armor
22:29 Forging
24:26 Stone Shaft Mining
24:24 Town Patrol
25:22 Hand Cart
25:28 Heavy Plow
27:22 Husbandry
27:44 Chain Barding Armor
29:56 Gold Shaft Mining
30:46 Devotion
32:14 Bow Saw
33:30 Caravan
34:01 Coinage
34:17 Iron Casting
37:42 Imperial Age
36:42 Ballistics
38:34 Crop Rotation
40:30 Banking
40:11 Guilds
41:14 Plate Barding Armor
41:40 Blast Furnace
41:54 Conscription
40:55 Elite War Elephant
43:14 Faith
43:09 Masonry
42:55 Murder Holes
43:10 Clinker Construction
42:51 Guard Tower
42:52 Heated Shot
43:16 Siphons
43:34 Careening
44:44 Chemistry
49:25 Architecture
49:16 Carvel Hull
72:31 Light Cavalry
73:31 Hussar
Connection lost

Rejoining the realm…

Still unreachable

The connection could not be restored.

Session expired

The server has moved on; the page needs a fresh start.